 Dungeon Crawl Stone Soup version 0.19-a0-1908-g43c011f (webtiles) character file.

100 dobroeutro the Shooter (level 4, 0/38 HPs)
             Began as a Centaur Hunter on Oct 22, 2016.
             Slain by an adder (4 damage)
             ... on level 2 of the Dungeon.
             The game lasted 00:05:46 (3193 turns).

dobroeutro the Shooter (Centaur Hunter)             Turns: 3193, Time: 00:05:47

Health: 0/38       AC:  5    Str: 14    XL:     4   Next: 47%
Magic:  4/4        EV:  9    Int: 10    God:
Gold:   129        SH:  0    Dex: 11    Spells: 0 memorised, 3 levels left

rFire  . . .     SeeInvis .     a - +1 shortbow
rCold  . . .     Gourm    .     c - +0 leather armour
rNeg   . . .     Faith    .     (shield currently unavailable)
rPois  .         Spirit   .     (no helmet)
rElec  .         Reflect  .     (no cloak)
rCorr  .         Harm     .     j - +0 pair of gloves
MR     .....                    (no barding)
Stlth  +.........               (no amulet)
                                (no ring)
                                (no ring)

@: lethally poisoned (0 -> -8), very quick
A: hooves 3, deformed body, speed 2, tough skin 3
a: no special abilities


You were on level 2 of the Dungeon.
You were not hungry.

You visited 1 branch of the dungeon, and saw 2 of its levels.

You collected 129 gold pieces.

Inventory:

Hand Weapons
 a - a +1 shortbow (weapon)
 b - a +0 short sword
Missiles
 d - 42 arrows (quivered)
 e - 5 javelins of penetration
Armour
 c - a +0 leather armour (worn)
 j - a +0 pair of gloves (worn)
Jewellery
 w - an uncursed ring of resist corrosion {unknown}
Wands
 q - a wand of acid (9/15)
Scrolls
 k - 2 scrolls of identify {unknown}
 l - 2 scrolls of immolation {unknown}
 m - a scroll of teleportation {unknown}
 n - a scroll of magic mapping {unknown}
 r - a scroll of fog {unknown}
 t - a scroll of enchant armour {unknown}
 u - a scroll of remove curse {unknown}
Potions
 g - 2 potions of degeneration {unknown}
 o - a potion of heal wounds {unknown}
 p - 3 potions of might {unknown}
 s - a potion of lignification {unknown}
 v - a potion of cancellation {unknown}
Comestibles
 f - 3 bread rations
 h - a meat ration
 i - a beef jerky


   Skills:
 + Level 3.4 Fighting
 + Level 1.9 Short Blades
 + Level 6.0 Bows
 - Level 1.3 Dodging
 - Level 0.4 Stealth


You had 3 spell levels left.
You didn't know any spells.

Dungeon Overview and Level Annotations

Branches:
Dungeon (2/15)

Altars:
Xom

Annotations:
D:2 1 runed door


Innate Abilities, Weirdness & Mutations

You have hooves in place of feet.
Armour fits poorly on your strangely shaped body.
You cover ground very quickly.
You have extremely tough skin. (AC +3)


Message History

The adder barely misses you. The adder closely misses you.
Firing (i - inventory. (,) - cycle):
d - 45 arrows (quivered)
Press: ? - help, Shift-Dir - straight line, f/p - adder
Aim: an adder (almost dead)
You shoot an arrow. The arrow barely misses the adder.
You feel sick. The adder bites you but does no damage.
Firing (i - inventory. (,) - cycle):
d - 44 arrows (quivered)
Press: ? - help, Shift-Dir - straight line, f/p - adder
Aim: an adder (almost dead)
You shoot an arrow. The arrow closely misses the adder.
The adder bites you.
* * * LOW HITPOINT WARNING * * *
You are more poisoned.
The adder poisons you!
Firing (i - inventory. (,) - cycle):
d - 43 arrows (quivered)
Press: ? - help, Shift-Dir - straight line, f/p - adder
Aim: an adder (almost dead)
You shoot an arrow. The arrow barely misses the adder.
* * * LOW HITPOINT WARNING * * *
You feel sick. The adder bites you.
You die...

#################
................#
###############.############
#.#..........#
#########.#.########## #
#.......#.#'###### #
#.......#.@S....(##### ####
#.......#........##..#
...####.......#........##..#
...'...................##..#
...#####...................#
......###..................#
...........................####
..........#######..........##.#
..#...........................#


You could see an adder.

Vanquished Creatures
  3 adders (D:2)
  An ooze (D:1)
  A worm (D:2)
  A dart slug (D:1)
  5 leopard geckos
  3 giant cockroaches
  11 goblins
  8 hobgoblins
  2 jackals (D:2)
  6 kobolds
  A quokka (D:2)
  A ball python (D:2)
  6 bats
  2 frilled lizards (D:1)
  6 rats
57 creatures vanquished.

Notes
Turn   | Place    | Note
-------+----------+-------------------------------------------
     0 | D:1      | dobroeutro the Centaur Hunter began the quest for the Orb.
     0 | D:1      | Reached XP level 1. HP: 17/17 MP: 1/1
   110 | D:1      | Reached XP level 2. HP: 9/25 MP: 2/2
   420 | D:1      | Reached skill level 1 in Short Blades
   915 | D:1      | Reached XP level 3. HP: 23/30 MP: 3/3
  1701 | D:2      | HP: 1/31 [worm (8)]
  2041 | D:2      | Found a runed door.
  2244 | D:2      | Found a shimmering altar of Xom.
  2278 | D:2      | Reached XP level 4. HP: 20/38 MP: 4/4
  3008 | D:2      | Reached skill level 6 in Bows
  3193 | D:2      | Slain by an adder

Vault maps used:
D:1:      lemuel_arrival_muddy
D:2:      kennysheep_the_goblin_king, xom_teletrap_fun, uniq_crazy_yiuf_cottage

Skill      XL: |  1  2  3  4 |
---------------+-------------+-----
Short Blades   | 1 |  1.9
Fighting       | 3 |  3.4
Bows           | 6 |  6.0
Dodging        | |  1.3
Stealth        | |  0.4

Action                   |  1- 3 |  4- 6 || total
-------------------------+-------+-------++-------
Melee: Short sword       |   194 |    46 ||   240
       Kick              |    29 |     6 ||    35
 Fire: Shortbow          |     7 |    23 ||    30
  Eat: Chunk             |     3 |     3 ||     6
Armor: Leather armour    |    92 |    20 ||   112
Dodge: Dodged            |    87 |    23 ||   110
